 Dungeon Crawl Stone Soup version 0.30.1-1-g62c8e00024 (webtiles) character file.

Game seed: 11637239272105012523

175 cdecastro the Trooper (level 5, 0/55 HPs)
             Began as a Troll Fighter on July 14, 2023.
             Splashed by a jelly's acid (9 damage)
             ... on level 3 of the Dungeon.
             The game lasted 00:05:00 (2148 turns).

cdecastro the Trooper (Troll Fighter)               Turns: 2148, Time: 00:05:01

Health: 0/55       AC: -12   Str: 24    XL:     5   Next: 29%
Magic:  4/4        EV:  9    Int:  4    God:
Gold:   80         SH:  8    Dex: 11    Spells: 4/4 levels left

rFire   . .          .
                       - Unarmed
rCold   . . .        b - +0 kite shield
rNeg    . . .        a - +0 robe
rPois   .            (helmet restricted)
rElec   .            (no cloak)
rCorr   .            (gloves unavailable)
SInv    .            (boots unavailable)
Will    .....        (no amulet)
Stlth   +            (no ring)
HPRegen 1.09/turn    (no ring)
MPRegen 0.09/turn

%: no passive effects
@: corroded
A: large, unfitting armour, claws 3, regeneration 1, shaggy fur 1, tough skin 1
a: no special abilities


You were on level 3 of the Dungeon.
You visited 1 branch of the dungeon, and saw 3 of its levels.

You collected 80 gold pieces.

Inventory:

Missiles
 g - 5 curare-tipped darts (quivered)
Armour
 a - a +0 robe (worn)
 b - a +0 kite shield (worn)
Jewellery
 n - a ring of magical power
Scrolls
 d - 2 scrolls of poison {unknown}
 e - 2 scrolls of identify {unknown}
 h - a scroll of amnesia {unknown}
 i - a scroll of fear {unknown}
 j - a scroll of teleportation {unknown}
 k - a scroll of silence {unknown}
 l - a scroll of acquirement {unknown}
 m - a scroll of butterflies {unknown}
 o - 2 scrolls of enchant weapon {unknown}
 p - a scroll of noise {unknown}
Potions
 c - a potion of might
 f - a potion of heal wounds {unknown}


   Skills:
 * Level 4.3 Fighting
 - Level 2.4 Dodging
 - Level 2.6 Shields
 + Level 3.5 Unarmed Combat


You had 4 spell levels left.
You didn't know any spells.
Your spell library contained the following spells:

 Spells                   Type           Power      Damage    Failure   Level
 Summon Small Mammal      Summ           0%         N/A       77%         1
 Poisonous Vapours        Pois/Air       0%         N/A       88%         2
 Call Canine Familiar     Summ           0%         N/A       98%         3
 Mephitic Cloud           Conj/Pois/Air  0%         N/A       98%         3
 Summon Guardian Golem    Hex/Summ       0%         N/A       98%         3
 Freezing Cloud           Conj/Ice/Air   0%         6-21      100%        5


Dungeon Overview and Level Annotations

Branches:
Dungeon (3/15)

Altars:


Innate Abilities, Weirdness & Mutations

You are too large for most types of armour.
You have claws for hands.
Your natural rate of healing is unusually fast.
You are covered in fur. (AC +1)
You have tough skin. (AC +1)


Message History

You closely miss the frilled lizard. You block the frilled lizard's attack.
A jackal comes into view.
You barely miss the frilled lizard. You block the frilled lizard's attack.
The frilled lizard bites you but does no damage.
The frilled lizard attacks as you move away!
The frilled lizard closely misses you.
The frilled lizard attacks as you move away!
The frilled lizard bites you but does no damage.
You miss the frilled lizard. The frilled lizard barely misses you.
You barely miss the frilled lizard.
The frilled lizard bites you but does no damage.
You claw the frilled lizard!
You kill the frilled lizard!
You scratch the jelly. The acid corrodes you!
Your claws burn!
The jelly is moderately wounded.
You block the jelly's attack.
You scratch the jelly.
Your claws burn!
The jelly is heavily wounded.
You block the jelly's attack.
You barely miss the jelly.
The jelly is heavily wounded.
The jelly hits you. The acid corrodes you!
You are splashed with acid!
You scratch the jelly.
Your claws burn!
The jelly is severely wounded.
The jelly hits you. The acid corrodes you!
You are splashed with acid!
* * * LOW HITPOINT WARNING * * *
You scratch the jelly but do no damage.
Your claws burn!
* * * LOW HITPOINT WARNING * * *
The jelly is severely wounded.
The jelly barely misses you. The jelly hits you.
* * * LOW HITPOINT WARNING * * *
The acid corrodes you!
You are splashed with acid!
* * * LOW HITPOINT WARNING * * *
You scratch the jelly but do no damage. The acid corrodes you!
Your claws burn!
* * * LOW HITPOINT WARNING * * *
The jelly is severely wounded.
The jelly hits you.
* * * LOW HITPOINT WARNING * * *
The acid corrodes you!
You are splashed with acid!
You die...

##....#....# # #........##.#
. # ...$..>..# .# #
#.......#####.### #
##..............# #
##...........#.#
###..h.....>..#
.###########.######..# #
.......@Jhh...# #....#.#
############..###..# #.#
#......###..
###################>###.†#.#
#.................#.# #.#.#
#.###############.#.# #.#.#
####.##.....# #.#.# #.#.#
.....##.....# #.#.# #.#.#
###....<....# #.#.# #.#.#


You could see a jelly and 2 jackals.

Vanquished Creatures
  8 adders
  4 worms
  5 dart slugs
  5 bats
  5 endoplasms
  4 giant cockroaches
  5 goblins
  8 hobgoblins
  6 jackals (D:2)
  6 kobolds
  2 quokkas (D:1)
  10 ball pythons
  4 frilled lizards
  6 rats
78 creatures vanquished.

Notes
Turn   | Place    | Note
-------+----------+-------------------------------------------
     0 | D:1      | cdecastro the Troll Fighter began the quest for the Orb.
     0 | D:1      | Reached XP level 1. HP: 22/22 MP: 0/0
   138 | D:1      | Reached XP level 2. HP: 29/29 MP: 1/1
   410 | D:1      | Reached skill level 3 in Fighting
   512 | D:1      | Reached XP level 3. HP: 34/37 MP: 2/2
   858 | D:2      | Reached XP level 4. HP: 45/48 MP: 3/3
  1166 | D:2      | Reached skill level 4 in Fighting
  1689 | D:2      | Found a faded altar of an unknown god.
  1785 | D:2      | Reached XP level 5. HP: 54/54 MP: 4/4
  1847 | D:3      | Identified the +5 whip of Springtime {vamp, Str+3}
  2148 | D:3      | Splashed by a jelly's acid

Illustrated notes

Levels and vault maps discovered:
D:1:      dpeg_arrival_fog, layout_basic, serial_forest,
          infiniplex_forest_clump_tiny, infiniplex_forest_lined_3,
          infiniplex_forest_clump_diagonal, infiniplex_forest_zigzag_1,
          infiniplex_forest_lined_room_2, infiniplex_forest_corner_1,
          infiniplex_forest_lined_room_2, infiniplex_forest_clump_curved,
          minmay_cut_off
D:2:      layout_basic, serial_corexii_hall, corexii_hall_statues_x,
          corexii_hall_statues_l, shapermc_ecumenical_altar_petra
D:3:      layout_loops_ring, grunt_decor_one_mirror, minmay_crystal_water,
          st_stairs_10

Skill      XL: |  1  2  3  4 |
---------------+-------------+-----
Fighting       | 3 4 |  4.3
Unarmed Combat | 3 |  3.5
Dodging        | |  2.4
Shields        | |  2.6

Action                     |  1- 3 |  4- 6 || total
---------------------------+-------+-------++-------
  Melee: Unarmed           |    73 |   129 ||   202
   Stab: Sleeping          |     2 |       ||     2
 Armour: Robe              |    18 |    46 ||    64
  Dodge: Dodged            |    24 |    41 ||    65
  Block: Kite shield       |    14 |    47 ||    61
